 Dungeon Sprint DCSS version 0.23-a0-635-g88ca12a (webtiles) character file.

39030 Lanoc the Wrestler (level 16, -6/179 HPs)
             Began as a Troll Monk on Dec 27, 2018.
             Was the Champion of Jiyva.
             Killed from afar by Xtahua (69 damage)
             ... with a searing blast
             ... in the Dungeon (Sprint VI: "Thunderdome").
             The game lasted 00:51:11 (4155 turns).

Lanoc the Wrestler (Troll Monk)                     Turns: 4155, Time: 00:51:11

Health: -6/179     AC: 40    Str: 30    XL:     16   Next: 66%
Magic:  0/24       EV: 12    Int:  8    God:    Jiyva [******]
Gold:   564        SH: 27    Dex: 14    Spells: 15/15 levels left

rFire    . . .     SeeInvis .     - Unarmed
rCold    + + .     Gourm    +   a - +5 large shield of Gigyes {*Contam +Fly rN+++ Int-4}
rNeg     + + +     Faith    .   d - +12 gold dragon scales
rPois    +         Spirit   +   (helmet restricted)
rElec    +         Reflect  .   s - +1 cloak of Space {Str+3 Dex+4}
rCorr    +         Harm     .   (gloves unavailable)
MR       ++...     NoTele   +   (boots unavailable)
Stlth    ..........             n - amulet "Zizoxiur" {Spirit rC+}
HPRegen  0.79/turn              H - ring of Oruuxumn {rElec rPois MP+9 Slay+3}
MPRegen  0.19/turn              p - ring of Siwing {rPois rF- MR+ Str+5}

@: no status effects
A: large, unfitting armour, claws 3, molten scales 1, yellow scales 1, blink,
blurry vision 1, clumsy 1, fast metabolism 3, gourmand, poison resistance,
regeneration 1, shaggy fur 1, tough skin 2, acidic bite, eyeballs 2, translucent
skin 1, tendrils, jelly sensing items, jelly absorbing missiles, MP-powered
wands
}: 4/15 runes: decaying, barnacled, slimy, mossy
a: Blink, Request Jelly, Slimify, Cure Bad Mutation, Renounce Religion, Evoke
Flight


You were in the Dungeon.
You worshipped Jiyva.
Jiyva was exalted by your worship.
You were not hungry.

You visited 1 branch You collected 10220 gold pieces.
You spent 9656 gold pieces at shops.

Inventory:

Missiles
 r - 6 tomahawks (quivered)
 u - a throwing net
Armour
 a - the +5 large shield of Gigyes (worn) {*Contam +Fly rN+++ Int-4}
   (You bought it in a shop in the Dungeon)

   It affects your intelligence (-4).
   It renders you almost immune to negative energy.
   It lets you fly.
   It causes magical contamination when unequipped.
 d - +12 gold dragon scales (worn)
 g - +0 shadow dragon scales
 o - +0 fire dragon scales
 s - the +1 cloak of Space (worn) {Str+3 Dex+4}
   (You bought it in a shop in the Dungeon)

   It affects your strength (+3).
   It affects your dexterity (+4).
Jewellery
 n - the amulet "Zizoxiur" (around neck) {Spirit rC+}
   (You bought it in a shop in the Dungeon)

   [amulet of guardian spirit]

   It causes incoming damage to be split between your health and magic.
   It protects you from cold.
 p - the ring of Siwing (right claw) {rPois rF- MR+ Str+5}
   (You bought it in a shop in the Dungeon)

   [ring of protection from magic]

   It affects your strength (+5).
   It makes you vulnerable to fire.
   It protects you from poison.
   It affects your resistance to hostile enchantments.
 H - the ring of Oruuxumn (left claw) {rElec rPois MP+9 Slay+3}
   (You bought it in a shop in the Dungeon)

   [ring of magical power]

   It affects your accuracy and damage with ranged weapons and melee attacks
   (+3).
   It insulates you from electricity.
   It protects you from poison.
   It affects your magic capacity (+9).
Wands
 j - a wand of acid (5)
 k - a wand of iceblast (5)
Scrolls
 h - 11 scrolls of blinking
 l - 3 scrolls of fog
 q - 14 scrolls of remove curse
 y - 6 scrolls of identify
Potions
 c - 23 potions of curing
 e - 7 potions of haste
 f - 2 potions of magic
 i - 3 potions of resistance
 m - 15 potions of berserk rage
 w - 12 potions of might
 x - 12 potions of agility
 z - 32 potions of heal wounds
Miscellaneous
 v - a lightning rod (4/4)
Comestibles
 b - 2 rations


   Skills:
 + Level 16.3 Fighting
 + Level 15.1 Throwing
 + Level 12.7 Armour
 + Level 16.3 Dodging
 - Level 1.0 Stealth
 - Level 15.0 Shields
 * Level 24.9 Unarmed Combat


You had 15 spell levels left.
You didn't know any spells.
Your spell library was empty.

Dungeon Overview and Level Annotations

Branches:
Dungeon (1/1)

Altars:
Cheibriados
Dithmenos
Fedhas
Gozag
Kikubaaqudgha
Makhleb
Okawaru
Qazlal
Ru
Sif Muna
Trog
Uskayaw
Vehumet
Wu Jian
Xom
Yredelemnul
Zin
The Shining One
Beogh
Jiyva
Lugonu

Shops:
D [%??*?*:[((!!!

Annotations:
D Xtahua


Innate Abilities, Weirdness & Mutations

You are too large for most types of armour.
You have claws for hands.
Your metabolism is lightning-fast.
You like to eat raw meat.
Your natural rate of healing is unusually fast.
You are covered in fur. (AC +1)
You have very tough skin. (AC +2)
You are partially covered in molten scales. (AC +2)
You are partially covered in yellow scales. (AC +2)
You can translocate small distances at will.
Scrolls take you a little longer to read.
You are clumsy. (Dex -2)
Your system is resistant to poisons. (rPois)
You have acidic saliva.
Your body has grown many golden eyes which may confuse attackers. (Acc +5)
Your translucent skin slightly reduces your foes' accuracy. (Stealth)
You are covered in slimy tendrils that may disarm your opponents.
You have a small jelly attached to you that senses nearby items.
You have a small jelly attached to you that may absorb incoming projectiles.
You expend magic power (3 MP) to strengthen your wands.


Message History

You feel agile. Jiyva appreciates your sacrifice.
You feel a little less hungry.
You feel your power returning.
You feel better. Jiyva alters your body.
You feel your magical essence link to your wands.
Jiyva appreciates your sacrifice.
You feel a little less hungry.
You feel your power returning.
You feel better.
The quicksilver dragon closely misses you.
You block the quicksilver dragon's attack.
You feel much better. 50...
The storm dragon breathes lightning at you.
The bolt of lightning hits you! You resist.
You block the quicksilver dragon's attack.
The quicksilver dragon claws you but does no damage.
Xtahua breathes flames at you.
The searing blast hits the jelly.
The jelly dies!
The searing blast hits you!
You die...

###.........###
#§...........⌠#
######.8.........8.##
##∩___..[...###......_
###∩........8.# #.8.....
##.............###.......
#§....DD.=..###...##.....
#⌠....D"§==..##.<.###....
#§....[D@.....#...##.....
##...[..........##.......
###∩........8.###.8.....
##∩_._......###.......
######.8.........8.##
#⌠...........⌠#
###.........###
#_......._# #_......._#


You could see Xtahua, a storm dragon, a fire dragon and a quicksilver dragon.

Vanquished Creatures
  Agnes (D)
  Margery (D)
  Polyphemus (D)
  A golden dragon (D)
  3 bone dragons (D)
  A quicksilver dragon (D)
  A death cob (D)
  2 ancient champions (D)
  2 shadow dragons (D)
  A revenant (D)
  3 iron dragons (D)
  A cacodemon (D)
  A curse skull (D)
  3 ghouls (D)
  3 reapers (D)
  A deep elf death mage (D)
  4 fire dragons (D)
  2 ice dragons (D)
  A wizard (D)
  2 centaur warriors (D)
  A death knight (D)
  A merfolk aquamancer (D)
  14 dancing weapons (D)
  A merfolk avatar (D)
  Urug (D)
  3 hell hogs (D)
  An orc high priest (D)
  6 sun demons (D)
  2 soul eaters (D)
  A skeletal warrior (D)
  3 flayed ghosts (D)
  12 hell knights (D)
  A phantasmal warrior (D)
  Pikel (D)
  5 necromancers (D)
  6 deep elf magi (D)
  A faun (D)
  An efreet (D)
  8 polar bears (D)
  A merfolk (D)
  A snapping turtle (D)
  2 hippogriffs (D)
  2 air elementals (D)
  A flying skull (D)
  2 wraiths (D)
  4 fire bats (D)
  4 fire elementals (D)
  18 neqoxecs (D)
  3 insubstantial wisps (D)
  2 hell hounds (D)
  A water moccasin (D)
  An orc warrior (D)
  2 sky beasts (D)
  9 centaurs (D)
  A big kobold (D)
  7 vampire bats (D)
  4 orc priests (D)
  3 orc wizards (D)
  A lightning spire (D)
  A mummy (D)
  4 adders (D)
  A ball python (D)
  4 goblins (D)
183 creatures vanquished.

Vanquished Creatures (collateral kills)
  An efreet (D)
1 creature vanquished.

Vanquished Creatures (others)
  A great orb of eyes (D)
  2 slime creatures (D)
  A wraith (D)
  21 jellies (D)
25 creatures vanquished.

Grand Total: 209 creatures vanquished

Notes
Turn   | Place    | Note
-------+----------+-------------------------------------------
     0 | D        | Lanoc the Troll Monk began the quest for the Orb.
     0 | D        | Reached XP level 1. HP: 22/22 MP: 0/0
     4 | D        | Found a corrupted altar of Lugonu.
     4 | D        | Found a burning altar of Makhleb.
     5 | D        | Found a deep blue altar of Sif Muna.
     5 | D        | Found an ancient bone altar of Kikubaaqudgha.
     5 | D        | Round 1.
     6 | D        | Found a roughly hewn altar of Beogh.
     6 | D        | Found a hide-covered altar of Uskayaw.
     7 | D        | Found Mogaiga's Delicious Food.
     7 | D        | Found a viscous altar of Jiyva.
     7 | D        | Found a bloodstained altar of Trog.
     7 | D        | Found Litor's Identification Station.
     8 | D        | Found a glowing golden altar of the Shining One.
     8 | D        | Found an ornate altar of the Wu Jian Council.
     8 | D        | Found Esigh's Magic Scroll Shop.
     8 | D        | Found Maibalat's Staff Store.
     9 | D        | Found Seazyar's Magic Scroll Shop.
     9 | D        | Found Muxah's Must-Have Magic.
    15 | D        | Became a worshipper of Jiyva Jodypar the Shapeless
    15 | D        | Reached * piety under Jiyva
    15 | D        | Reached ** piety under Jiyva
    21 | D        | Found Vobaqyrch's Jewellery.
    21 | D        | Found Taetecy's Advanced Armour.
    25 | D        | Reached skill level 4 in Unarmed Combat
    25 | D        | Reached XP level 2. HP: 31/31 MP: 1/1
    39 | D        | Found a basalt altar of Yredelemnul.
    42 | D        | Found a radiant altar of Vehumet.
    50 | D        | Bought a crude lead amulet for 45 gold pieces
    50 | D        | Bought a serpentine tin ring for 45 gold pieces
    50 | D        | Bought a heavily runed brass ring for 45 gold pieces
    51 | D        | Identified the ring of Koedaprei {*Slow rF+ rN+ Dex+2
                  | Stlth+} (You bought it in a shop in the Dungeon)
    52 | D        | Identified the ring of Siwing {rPois rF- MR+ Str+5} (You
                  | bought it in a shop in the Dungeon)
    53 | D        | Identified the amulet "Zizoxiur" {Spirit rC+} (You bought
                  | it in a shop in the Dungeon)
    54 | D        | Reached *** piety under Jiyva
    59 | D        | Found a shadowy altar of Dithmenos.
    60 | D        | Found Oliteceg's Premium Goods.
    61 | D        | Found a sacrificial altar of Ru.
    61 | D        | Found a blossoming altar of Fedhas.
    61 | D        | Found a shimmering altar of Xom.
    61 | D        | Found Qeku Pimm's Weapon Rack.
    61 | D        | Found Fefaew Nugus's Miscellaneous Merchandise.
    61 | D        | Found Ebiajidd's Basic Armour.
    66 | D        | Found a stormy altar of Qazlal.
    67 | D        | Found an opulent altar of Gozag.
    68 | D        | Found Etum's Do-It-Yourself Clinic.
    69 | D        | Found Ireqi's Bottled Wisdom.
    69 | D        | Found Daytrif's Distillery.
    69 | D        | Found a glowing silver altar of Zin.
    69 | D        | Found a snail-covered altar of Cheibriados.
    69 | D        | Found an iron altar of Okawaru.
    69 | D        | Found Usaathra's Distillery.
   138 | D        | Reached skill level 5 in Unarmed Combat
   138 | D        | Reached XP level 3. HP: 35/37 MP: 2/2
   138 | D        | Noticed a water moccasin
   145 | D        | Killed a water moccasin
   145 | D        | Reached skill level 7 in Unarmed Combat
   145 | D        | Reached XP level 4. HP: 49/49 MP: 3/3
   152 | D        | Gained mutation: Your translucent skin slightly reduces
                  | your foes' accuracy. (Stealth) [Jiyva's grace]
   160 | D        | Arena points: 14 (+14) [x2]
   160 | D        | Reached XP level 5. HP: 55/55 MP: 4/4
   198 | D        | Bought a flickering bronze ring for 45 gold pieces
   199 | D        | Identified the ring of the Unstoppable Orbs {rF+ rC+ Str+2
                  | Int+4} (You bought it in a shop in the Dungeon)
   215 | D        | Round 2.
   238 | D        | Reached skill level 5 in Fighting
   238 | D        | Reached skill level 5 in Dodging
   238 | D        | Reached skill level 8 in Unarmed Combat
   252 | D        | Reached **** piety under Jiyva
   255 | D        | Gained mutation: Your translucent skin reduces your foes'
                  | accuracy. (Stealth) [Jiyva's grace]
   263 | D        | Reached ***** piety under Jiyva
   263 | D        | Gained mutation: You have large cloven feet. [Jiyva's
                  | grace]
   305 | D        | Noticed Pikel
   321 | D        | Killed Pikel
   321 | D        | Arena points: 56 (+42) [x3]
   321 | D        | Reached skill level 11 in Unarmed Combat
   321 | D        | Reached XP level 6. HP: 19/71 MP: 2/5
   321 | D        | Reached XP level 7. HP: 21/78 MP: 2/6
   373 | D        | Round 3.
   378 | D        | Noticed a deep elf mage
   388 | D        | Killed a deep elf mage
   388 | D        | Reached skill level 12 in Unarmed Combat
   388 | D        | Reached XP level 8. HP: 61/88 MP: 5/7
   424 | D        | Noticed a deep elf mage
   429 | D        | Noticed a deep elf mage
   434 | D        | Killed a deep elf mage
   434 | D        | Reached skill level 13 in Unarmed Combat
   441 | D        | Killed a deep elf mage
   454 | D        | Gained mutation: You have a small jelly attached to you
                  | that may absorb incoming projectiles. [Jiyva's grace]
   460 | D        | Reached ****** piety under Jiyva
   515 | D        | Noticed a deep elf mage
   517 | D        | Noticed a deep elf mage
   521 | D        | Killed a deep elf mage
   521 | D        | Reached skill level 14 in Unarmed Combat
   521 | D        | Reached XP level 9. HP: 98/98 MP: 8/8
   522 | D        | Noticed a deep elf mage
   526 | D        | Killed a deep elf mage
   536 | D        | Killed a deep elf mage
   536 | D        | Arena points: 140 (+84) [x4]
   536 | D        | Reached skill level 15 in Unarmed Combat
   568 | D        | Bought an ichor-stained animal skin for 185 gold pieces
   578 | D        | Identified the cursed +1 animal skin of the Moon {rN+ MR-
                  | SInv Stlth+} (You bought it in a shop in the Dungeon)
   582 | D        | Round 4.
   672 | D        | Arena points: 300 (+160) [x5]
   678 | D        | Lost mutation: You have a small jelly attached to you that
                  | may absorb incoming projectiles. [Jiyva's grace]
   678 | D        | Gained mutation: Your system is resistant to poisons.
                  | (rPois) [Jiyva's grace]
   685 | D        | Gained mutation: Your movements are slightly less
                  | encumbered by armour. (ER -2) [Jiyva's grace]
   747 | D        | Round 5.
   755 | D        | Noticed a witch
   760 | D        | Noticed a four-headed hydra
   766 | D        | Noticed a spriggan rider
   771 | D        | Noticed a swamp dragon
   773 | D        | Killed a witch
   773 | D        | Arena points: 545 (+245) [x7]
   773 | D        | Reached skill level 10 in Fighting
   773 | D        | Reached skill level 10 in Dodging
   773 | D        | Reached skill level 16 in Unarmed Combat
   773 | D        | Reached XP level 10. HP: 70/110 MP: 1/9
   776 | D        | Got a decaying rune of Zot
   786 | D        | Reached XP level 11. HP: 85/119 MP: 2/10
   905 | D        | Gained mutation: You have a small jelly attached to you
                  | that senses nearby items. [Jiyva's grace]
   910 | D        | Gained mutation: You are covered in slimy tendrils that may
                  | disarm your opponents. [Jiyva's grace]
   960 | D        | Round 6.
   988 | D        | Gained mutation: You are resistant to hostile enchantments.
                  | (MR+) [Jiyva's grace]
  1030 | D        | Lost mutation: You have large cloven feet. [Jiyva's grace]
  1115 | D        | Arena points: 977 (+432) [x8]
  1145 | D        | Bought a faintly glowing large shield for 332 gold pieces
  1151 | D        | Identified the +5 large shield of Gigyes {*Contam +Fly
                  | rN+++ Int-4} (You bought it in a shop in the Dungeon)
  1164 | D        | Round 7.
  1191 | D        | Reached skill level 1 in Shields
  1212 | D        | Noticed a sun demon
  1224 | D        | Killed a sun demon
  1224 | D        | Reached skill level 17 in Unarmed Combat
  1270 | D        | Gained mutation: Your flesh is cold resistant. (rC+)
                  | [Jiyva's grace]
  1270 | D        | Gained mutation: You have acidic saliva. [Jiyva's grace]
  1291 | D        | Arena points: 1544 (+567) [x9]
  1312 | D        | Bought a fine hat for 315 gold pieces
  1317 | D        | Identified the cursed -7 hat of the Orb {rF- rC++ Str+2
                  | Int+4} (You bought it in a shop in the Dungeon)
  1343 | D        | Bought 15 scrolls of remove curse for 450 gold pieces
  1358 | D        | Round 8.
  1364 | D        | Noticed a merfolk avatar
  1374 | D        | Killed a merfolk avatar
  1413 | D        | Noticed a merfolk aquamancer
  1423 | D        | Killed a merfolk aquamancer
  1423 | D        | Reached skill level 5 in Shields
  1451 | D        | Gained mutation: You have a pair of small horns on your
                  | head. [Jiyva's grace]
  1452 | D        | Gained mutation: You are partially covered in icy blue
                  | scales. (AC +2) [Jiyva's grace]
  1458 | D        | Gained mutation: You passively map a small area around you.
                  | [Jiyva's grace]
  1458 | D        | Lost mutation: Your system is resistant to poisons. (rPois)
                  | [Jiyva's grace]
  1495 | D        | Arena points: 2264 (+720) [x10]
  1505 | D        | Bought a dazzling cloak for 332 gold pieces
  1511 | D        | Identified the +1 cloak of Space {Str+3 Dex+4} (You bought
                  | it in a shop in the Dungeon)
  1547 | D        | Round 9.
  1607 | D        | Reached skill level 18 in Unarmed Combat
  1675 | D        | Gained mutation: Your movements are less encumbered by
                  | armour. (ER -4) [Jiyva's grace]
  1679 | D        | Lost mutation: You passively map a small area around you.
                  | [Jiyva's grace]
  1685 | D        | Arena points: 3155 (+891) [x11]
  1740 | D        | Round 10.
  1758 | D        | Noticed Polyphemus
  1775 | D        | Killed Polyphemus
  1775 | D        | Arena points: 4455 (+1300) [x13]
  1775 | D        | Reached XP level 12. HP: 73/132 MP: 6/11
  1778 | D        | Got a barnacled rune of Zot
  1786 | D        | Reached XP level 13. HP: 86/140 MP: 8/12
  1926 | D        | Bought +0 gold dragon scales for 960 gold pieces
  1960 | D        | Round 11.
  1970 | D        | Noticed Urug
  2001 | D        | Killed Urug
  2010 | D        | Arena points: 6149 (+1694) [x14]
  2026 | D        | Gained mutation: You passively map a small area around you.
                  | [Jiyva's grace]
  2028 | D        | Lost mutation: You are partially covered in icy blue
                  | scales. (AC +2) [Jiyva's grace]
  2030 | D        | Gained mutation: You expend magic power (3 MP) to
                  | strengthen your wands. [Jiyva's grace]
  2031 | D        | Lost mutation: You have a small jelly attached to you that
                  | senses nearby items. [Jiyva's grace]
  2033 | D        | Lost mutation: You are covered in slimy tendrils that may
                  | disarm your opponents. [Jiyva's grace]
  2034 | D        | Gained mutation: You passively map the area around you.
                  | [Jiyva's grace]
  2035 | D        | Lost mutation: Your flesh is cold resistant. (rC+) [Jiyva's
                  | grace]
  2036 | D        | Lost mutation: You expend magic power (3 MP) to strengthen
                  | your wands. [Jiyva's grace]
  2036 | D        | Gained mutation: You have large cloven feet. [Jiyva's
                  | grace]
  2053 | D        | Round 12.
  2061 | D        | Reached skill level 19 in Unarmed Combat
  2062 | D        | Noticed an ancient champion
  2064 | D        | Noticed a curse skull
  2067 | D        | Reached skill level 5 in Armour
  2076 | D        | Noticed a revenant
  2077 | D        | Killed an ancient champion
  2080 | D        | Gained mutation: Your muscles are strong. (Str +2) [Jiyva's
                  | grace]
  2081 | D        | Noticed a jiangshi
  2091 | D        | Killed a curse skull
  2091 | D        | Reached skill level 5 in Throwing
  2091 | D        | Reached skill level 10 in Shields
  2094 | D        | Killed a revenant
  2105 | D        | Noticed a deep elf death mage
  2107 | D        | Noticed an ancient champion
  2110 | D        | Killed a deep elf death mage
  2115 | D        | Killed an ancient champion
  2119 | D        | Arena points: 8309 (+2160) [x15]
  2133 | D        | Round 13.
  2171 | D        | Reached skill level 20 in Unarmed Combat
  2252 | D        | Arena points: 10389 (+2080) [x16]
  2272 | D        | Bought 4 scrolls of enchant armour for 300 gold pieces
  2272 | D        | Bought 4 scrolls of enchant armour for 300 gold pieces
  2283 | D        | Bought 4 scrolls of enchant armour for 300 gold pieces
  2319 | D        | Round 14.
  2340 | D        | Bought 3 scrolls of identify for 150 gold pieces
  2340 | D        | Bought 3 scrolls of identify for 150 gold pieces
  2403 | D        | Lost mutation: Your muscles are strong. (Str +2) [Jiyva's
                  | grace]
  2407 | D        | Lost mutation: You have a pair of small horns on your head.
                  | [Jiyva's grace]
  2407 | D        | Lost mutation: You passively map the area around you.
                  | [Jiyva's grace]
  2414 | D        | Lost mutation: You have acidic saliva. [Jiyva's grace]
  2418 | D        | Gained mutation: Your body has grown golden eyes which may
                  | confuse attackers. (Acc +3) [Jiyva's grace]
  2420 | D        | Gained mutation: You have a pair of small horns on your
                  | head. [Jiyva's grace]
  2423 | D        | Lost mutation: You have a pair of small horns on your head.
                  | [Jiyva's grace]
  2430 | D        | Gained mutation: You have a small jelly attached to you
                  | that may absorb incoming projectiles. [Jiyva's grace]
  2430 | D        | Gained mutation: You have acidic saliva. [Jiyva's grace]
  2433 | D        | Gained mutation: Your mind is acute. (Int +2) [Jiyva's
                  | grace]
  2434 | D        | Lost mutation: You are resistant to hostile enchantments.
                  | (MR+) [Jiyva's grace]
  2442 | D        | Arena points: 13007 (+2618) [x17]
  2485 | D        | Bought a pitted lead ring for 45 gold pieces
  2485 | D        | Bought a translucent marble ring for 45 gold pieces
  2485 | D        | Bought a pitted bone amulet for 45 gold pieces
  2485 | D        | Bought a coiled iron ring for 45 gold pieces
  2485 | D        | Bought a clouded pewter ring for 45 gold pieces
  2485 | D        | Bought a clouded brass amulet for 45 gold pieces
  2485 | D        | Bought a pitted tin ring for 45 gold pieces
  2485 | D        | Bought a smoking bone ring for 45 gold pieces
  2485 | D        | Bought a fine diamond amulet for 45 gold pieces
  2485 | D        | Bought a pitted copper ring for 45 gold pieces
  2485 | D        | Bought a wavering tin amulet for 45 gold pieces
  2485 | D        | Bought an ancient granite ring for 45 gold pieces
  2485 | D        | Bought a sparkling golden ring for 45 gold pieces
  2488 | D        | Identified the ring of the Shining Light {*Slow rElec rPois
                  | MR+ Dex+4} (You bought it in a shop in the Dungeon)
  2489 | D        | Identified the ring "Axkag" {rElec MR+} (You bought it in a
                  | shop in the Dungeon)
  2490 | D        | Identified the amulet "Fethum" {Faith Dex+2} (You bought it
                  | in a shop in the Dungeon)
  2491 | D        | Identified the ring of Plog {Ice *Drain Int+3 Dex+4} (You
                  | bought it in a shop in the Dungeon)
  2492 | D        | Identified the ring "Ecenudoy" {Wiz *Corrode +Fly rElec}
                  | (You bought it in a shop in the Dungeon)
  2493 | D        | Identified the amulet of Axzicihuw {Faith rN++ Slay-4} (You
                  | bought it in a shop in the Dungeon)
  2520 | D        | Round 15.
  2523 | D        | Noticed Agnes
  2554 | D        | Killed Agnes
  2554 | D        | Arena points: 16142 (+3135) [x19]
  2554 | D        | Reached XP level 14. HP: 146/153 MP: 13/13
  2557 | D        | Got a mossy rune of Zot
  2562 | D        | Reached XP level 15. HP: 159/161 MP: 14/14
  2582 | D        | Gained mutation: You are resistant to hostile enchantments.
                  | (MR+) [Jiyva's grace]
  2582 | D        | Lost mutation: You have large cloven feet. [Jiyva's grace]
  2588 | D        | Lost mutation: Your movements are less encumbered by
                  | armour. (ER -4) [Jiyva's grace]
  2600 | D        | Bought 5 potions of berserk rage for 175 gold pieces
  2601 | D        | Bought 5 potions of berserk rage for 175 gold pieces
  2601 | D        | Bought 6 potions of might for 168 gold pieces
  2601 | D        | Bought 6 potions of agility for 168 gold pieces
  2608 | D        | Bought 3 potions of heal wounds for 105 gold pieces
  2637 | D        | Bought 3 scrolls of identify for 150 gold pieces
  2637 | D        | Bought 3 scrolls of identify for 150 gold pieces
  2637 | D        | Bought 3 scrolls of identify for 150 gold pieces
  2637 | D        | Bought 3 scrolls of identify for 150 gold pieces
  2637 | D        | Bought 3 scrolls of identify for 150 gold pieces
  2642 | D        | Identified the ring "Vabagh" {*Slow rPois rC+ rN+} (You
                  | bought it in a shop in the Dungeon)
  2643 | D        | Identified the ring of the Four Hells {*Contam +Fly rF+++
                  | Int+6 Stlth-} (You bought it in a shop in the Dungeon)
  2644 | D        | Identified the amulet of the Sun {RegenMP MR++} (You bought
                  | it in a shop in the Dungeon)
  2645 | D        | Identified the ring of the Dragon {+Fly MP+9 Str+4} (You
                  | bought it in a shop in the Dungeon)
  2646 | D        | Identified the amulet "Fuoceg" {Reflect +Inv SH+3} (You
                  | bought it in a shop in the Dungeon)
  2647 | D        | Identified the ring "Wimat" {Str+2 Int+3 SInv} (You bought
                  | it in a shop in the Dungeon)
  2648 | D        | Identified the ring of Oruuxumn {rElec rPois MP+9 Slay+3}
                  | (You bought it in a shop in the Dungeon)
  2738 | D        | Round 16.
  2771 | D        | Lost mutation: You are resistant to hostile enchantments.
                  | (MR+) [Jiyva's grace]
  2855 | D        | Reached skill level 21 in Unarmed Combat
  2895 | D        | Reached skill level 10 in Throwing
  2895 | D        | Gained mutation: Your transparent skin significantly
                  | reduces your foes' accuracy. (Stealth) [Jiyva's grace]
  2895 | D        | Gained mutation: You possess an exceptional clarity of
                  | mind. [Jiyva's grace]
  2898 | D        | Arena points: 20302 (+4160) [x20]
  2947 | D        | Round 17.
  2948 | D        | Bought a potion of resistance for 70 gold pieces
  2948 | D        | Bought a potion of curing for 21 gold pieces
  2948 | D        | Bought 5 potions of berserk rage for 175 gold pieces
  2948 | D        | Bought 6 potions of might for 168 gold pieces
  2948 | D        | Bought 6 potions of agility for 168 gold pieces
  2948 | D        | Bought 3 potions of haste for 210 gold pieces
  2956 | D        | Noticed a death cob
  2960 | D        | Killed a death cob
  2994 | D        | Gained mutation: You are agile. (Dex +2) [Jiyva's grace]
  2995 | D        | Lost mutation: You have acidic saliva. [Jiyva's grace]
  2997 | D        | Noticed a bone dragon
  2998 | D        | Lost mutation: Your body has grown golden eyes which may
                  | confuse attackers. (Acc +3) [Jiyva's grace]
  2998 | D        | Lost mutation: You possess an exceptional clarity of mind.
                  | [Jiyva's grace]
  3009 | D        | Killed a bone dragon
  3068 | D        | Noticed a bone dragon
  3078 | D        | Noticed a bone dragon
  3080 | D        | Lost mutation: Your mind is acute. (Int +2) [Jiyva's grace]
  3090 | D        | Killed a bone dragon
  3090 | D        | Reached skill level 22 in Unarmed Combat
  3100 | D        | Killed a bone dragon
  3105 | D        | Reached skill level 10 in Armour
  3112 | D        | Arena points: 25657 (+5355) [x21]
  3116 | D        | Upgraded the game from 0.23-a0-629-gae4348f to
                  | 0.23-a0-635-g88ca12a
  3121 | D        | Bought 3 scrolls of blinking for 225 gold pieces
  3141 | D        | Bought a faintly humming cloak for 332 gold pieces
  3143 | D        | Identified the +0 cloak of the Poles {rPois rF- MR+++ SInv}
                  | (You bought it in a shop in the Dungeon)
  3153 | D        | Round 18.
  3184 | D        | Noticed Margery
  3193 | D        | Reached skill level 15 in Shields
  3207 | D        | Killed Margery
  3207 | D        | Reached skill level 15 in Fighting
  3207 | D        | Reached skill level 23 in Unarmed Combat
  3207 | D        | Reached XP level 16. HP: 71/176 MP: 6/15
  3208 | D        | Reached skill level 15 in Dodging
  3229 | D        | Arena points: 31597 (+5940) [x22]
  3237 | D        | Gained mutation: You have acidic saliva. [Jiyva's grace]
  3239 | D        | Gained mutation: You have a small jelly attached to you
                  | that senses nearby items. [Jiyva's grace]
  3239 | D        | Gained mutation: You expend magic power (3 MP) to
                  | strengthen your wands. [Jiyva's grace]
  3242 | D        | Lost mutation: You are agile. (Dex +2) [Jiyva's grace]
  3243 | D        | Lost mutation: You expend magic power (3 MP) to strengthen
                  | your wands. [Jiyva's grace]
  3244 | D        | Round 19.
  3245 | D        | Lost mutation: You have acidic saliva. [Jiyva's grace]
  3247 | D        | Gained mutation: You are covered in slimy tendrils that may
                  | disarm your opponents. [Jiyva's grace]
  3249 | D        | Gained mutation: You are robust. (+10% HP) [Jiyva's grace]
  3253 | D        | Lost mutation: You have a small jelly attached to you that
                  | may absorb incoming projectiles. [Jiyva's grace]
  3253 | D        | Gained mutation: You expend magic power (3 MP) to
                  | strengthen your wands. [Jiyva's grace]
  3253 | D        | Lost mutation: You expend magic power (3 MP) to strengthen
                  | your wands. [Jiyva's grace]
  3254 | D        | Gained mutation: You possess an exceptional clarity of
                  | mind. [Jiyva's grace]
  3260 | D        | Lost mutation: Your movements are slightly less encumbered
                  | by armour. (ER -2) [Jiyva's grace]
  3260 | D        | Lost mutation: You possess an exceptional clarity of mind.
                  | [Jiyva's grace]
  3261 | D        | Lost mutation: You are robust. (+10% HP) [Jiyva's grace]
  3263 | D        | Gained mutation: Your flesh is cold resistant. (rC+)
                  | [Jiyva's grace]
  3272 | D        | Gained mutation: You can translocate small distances at
                  | will. [Jiyva's grace]
  3274 | D        | Lost mutation: You can translocate small distances at will.
                  | [Jiyva's grace]
  3274 | D        | Lost mutation: You are covered in slimy tendrils that may
                  | disarm your opponents. [Jiyva's grace]
  3277 | D        | Lost mutation: You passively map a small area around you.
                  | [Jiyva's grace]
  3277 | D        | Lost mutation: Your flesh is cold resistant. (rC+) [Jiyva's
                  | grace]
  3279 | D        | Lost mutation: Your transparent skin significantly reduces
                  | your foes' accuracy. (Stealth) [Jiyva's grace]
  3279 | D        | Gained mutation: You heal very quickly. [Jiyva's grace]
  3281 | D        | Gained mutation: Your body has grown golden eyes which may
                  | confuse attackers. (Acc +3) [Jiyva's grace]
  3284 | D        | Lost mutation: Your translucent skin reduces your foes'
                  | accuracy. (Stealth) [Jiyva's grace]
  3300 | D        | Gained mutation: You are covered in slimy tendrils that may
                  | disarm your opponents. [Jiyva's grace]
  3303 | D        | Gained mutation: Your body has grown many golden eyes which
                  | may confuse attackers. (Acc +5) [Jiyva's grace]
  3303 | D        | Gained mutation: You occasionally shout uncontrollably at
                  | your foes. [Jiyva's grace]
  3307 | D        | Lost mutation: You occasionally shout uncontrollably at
                  | your foes. [Jiyva's grace]
  3321 | D        | Gained mutation: You have a small jelly attached to you
                  | that may absorb incoming projectiles. [Jiyva's grace]
  3398 | D        | Gained mutation: You are partially covered in yellow
                  | scales. (AC +2) [Jiyva's grace]
  3402 | D        | Lost mutation: You have a small jelly attached to you that
                  | may absorb incoming projectiles. [Jiyva's grace]
  3412 | D        | Arena points: 38152 (+6555) [x23]
  3432 | D        | Round 20.
  3436 | D        | Noticed an acid blob
  3438 | D        | Noticed Dissolution
  3465 | D        | Gained mutation: You can translocate small distances at
                  | will. [Jiyva's grace]
  3478 | D        | Bought 4 potions of curing for 84 gold pieces
  3478 | D        | Bought 4 potions of curing for 84 gold pieces
  3478 | D        | Bought 4 potions of curing for 84 gold pieces
  3478 | D        | Bought 4 potions of curing for 84 gold pieces
  3478 | D        | Bought 4 potions of curing for 84 gold pieces
  3478 | D        | Bought 3 potions of heal wounds for 105 gold pieces
  3478 | D        | Bought 3 potions of heal wounds for 105 gold pieces
  3478 | D        | Bought 3 potions of heal wounds for 105 gold pieces
  3478 | D        | Bought 3 potions of heal wounds for 105 gold pieces
  3478 | D        | Bought 3 potions of heal wounds for 105 gold pieces
  3478 | D        | Bought 3 potions of heal wounds for 105 gold pieces
  3478 | D        | Bought 3 potions of heal wounds for 105 gold pieces
  3478 | D        | Bought 3 potions of heal wounds for 105 gold pieces
  3478 | D        | Bought 3 potions of heal wounds for 105 gold pieces
  3478 | D        | Bought 3 potions of heal wounds for 105 gold pieces
  3478 | D        | Bought 3 potions of heal wounds for 105 gold pieces
  3544 | D        | Noticed an acid blob
  3613 | D        | Arena points: 38232 (+80) [x1]
  3616 | D        | Got a slimy rune of Zot
  3650 | D        | Bought 4 scrolls of blinking for 300 gold pieces
  3814 | D        | Round 21.
  3826 | D        | Gained mutation: You are clumsy. (Dex -2) [a neqoxec]
  3828 | D        | Gained mutation: You tend to lose your temper in combat. [a
                  | neqoxec]
  3850 | D        | Gained mutation: You are very clumsy. (Dex -4) [a neqoxec]
  3850 | D        | Gained mutation: You are frail. (-10% HP) [a neqoxec]
  3863 | D        | Gained mutation: Your magical capacity is low. (-10% MP) [a
                  | neqoxec]
  3955 | D        | Gained mutation: Scrolls take you a little longer to read.
                  | [a neqoxec]
  3956 | D        | Gained mutation: You are dopey. (Int -2) [a neqoxec]
  3966 | D        | Arena points: 39030 (+798) [x2]
  3984 | D        | Bought a transparent shield for 332 gold pieces
  3987 | D        | Identified the +5 shield of Devotion {MR+ MP+9 Int-3} (You
                  | bought it in a shop in the Dungeon)
  4002 | D        | Round 22.
  4019 | D        | Noticed a shadow dragon
  4035 | D        | Killed a shadow dragon
  4035 | D        | Reached skill level 24 in Unarmed Combat
  4093 | D        | Gained mutation: You have acidic saliva. [Jiyva's grace]
  4098 | D        | Gained mutation: Your system is resistant to poisons.
                  | (rPois) [Jiyva's grace]
  4099 | D        | Lost mutation: You are dopey. (Int -2) [Jiyva's grace]
  4104 | D        | Lost mutation: You tend to lose your temper in combat.
                  | [Jiyva's grace]
  4115 | D        | Noticed a quicksilver dragon
  4115 | D        | Noticed a shadow dragon
  4126 | D        | Killed a quicksilver dragon
  4128 | D        | Noticed a golden dragon
  4131 | D        | Killed a shadow dragon
  4136 | D        | Gained mutation: You are partially covered in molten
                  | scales. (AC +2) [Jiyva's grace]
  4142 | D        | Killed a golden dragon
  4142 | D        | Reached skill level 15 in Throwing
  4147 | D        | Noticed a quicksilver dragon
  4147 | D        | Noticed a storm dragon
  4147 | D        | Lost mutation: You are frail. (-10% HP) [Jiyva's grace]
  4147 | D        | Lost mutation: Your magical capacity is low. (-10% MP)
                  | [Jiyva's grace]
  4147 | D        | Gained mutation: You have a small jelly attached to you
                  | that may absorb incoming projectiles. [Jiyva's grace]
  4148 | D        | Noticed Xtahua
  4153 | D        | Lost mutation: You heal very quickly. [Jiyva's grace]
  4153 | D        | Lost mutation: You are very clumsy. (Dex -4) [Jiyva's
                  | grace]
  4153 | D        | Gained mutation: You expend magic power (3 MP) to
                  | strengthen your wands. [Jiyva's grace]
  4155 | D        | Killed from afar by Xtahua

Vault maps used:
D:        arena_sprint

Skill      XL: |  1  2  3  4  5  6  7  8  9 10 11 12 13 14 15 16 |
---------------+-------------------------------------------------+-----
Fighting       | 3 4 7 9 10 12 13 15 16 | 16.3
Dodging        | 3 4 7 9 10 12 13 14 16 | 16.3
Unarmed Combat | 4 5 7 11 12 14 16 18 20 23 24 | 24.9
Armour         | 2 4 7 10 12 | 12.7
Shields        | 8 12 15 | 15.0
Throwing       | 2 3 7 8 13 15 | 15.1
Stealth        | |  1.0

Action                   |  1- 3 |  4- 6 |  7- 9 | 10-12 | 13-15 | 16-18 || total
-------------------------+-------+-------+-------+-------+-------+-------++-------
Melee: Unarmed           |    21 |    28 |    37 |   116 |   320 |   167 ||   689
       Kick              |       |     7 |    12 |     8 |    44 |       ||    71
       Punch             |       |     1 |     1 |       |       |       ||     2
       Headbutt          |       |       |       |    15 |    35 |       ||    50
       Bite              |       |       |       |    11 |    28 |     6 ||    45
Throw: Tomahawk          |       |       |       |       |       |     1 ||     1
Invok: Request Jelly     |       |       |     1 |       |       |     2 ||     3
  Use: Potion            |       |       |     4 |     2 |     4 |     2 ||    12
       Scroll            |       |       |       |     1 |    26 |     1 ||    28
 Stab: Confused          |       |       |     1 |       |       |     1 ||     2
  Eat: Chunk             |       |     5 |     5 |     8 |     3 |       ||    21
Armor: Robe              |     3 |     3 |     3 |       |       |       ||     9
       Animal skin       |       |       |    11 |    11 |       |       ||    22
       Gold dragon scale |       |       |       |       |    75 |    56 ||   131
Dodge: Dodged            |    12 |    11 |    31 |    36 |    67 |    26 ||   183
Block: Large shield      |       |       |       |    84 |   329 |   134 ||   547

Table legend:
 A = Non-vault XP
 B = Vault XP
 C = Vault XP percentage of total XP
 D = Non-vault monster count
 E = Vault monster count
 F = Vault count percentage of total count
                 A         B        C        D         E       F
            +---------+---------+-------+---------+---------+-------
      Total |  131442 |       0 |   0.0 |     184 |       0 |   0.0
            +---------+---------+-------+---------+---------+-------
          D |  131442 |       0 |   0.0 |     184 |       0 |   0.0
            +---------+---------+-------+---------+---------+-------
